Red Wings vs Coyotes

Created - 6 mars 2022 at 17:08

Goals
1 2 3 OT1 T
Red Wings 2 0 0 1 3
Coyotes 1 0 1 0 2
Shots
1 2 3 OT1 T
Red Wings 13 12 5 1 31
Coyotes 10 10 7 0 27

GoalsPenalties
1st period
1. Coyotes , Jay Bouwmeester 4 (Pavel Zacha 25, Jesper Bratt 32) at 12:45
2. Red Wings , Miles Wood 11 (Jakob Chychrun 35, Oskar Sundqvist 8) at 12:57
3. Red Wings , Jakob Chychrun 17 (Jakub Vrana 29, Sean Couturier 38) at 18:42
Pavel Zacha (ARI) for Tripping (Minor) at 0:27
2nd period
No Goal
Oliver Ekman-Larsson (DET) for Holding (Minor) at 2:08
Conor Garland (DET) for High sticking (Minor) at 11:46
3rd period
4. Coyotes , Andrej Sekera 13 (Alex Formenton 3, Miro Heiskanen 49) at 13:26
Oliver Ekman-Larsson (DET) for Hooking (Minor) at 8:21
Jack Johnson (DET) for Slashing (Minor) at 13:40
Overtime #1
5. Red Wings , Sean Couturier 32 (Darnell Nurse 52) at 0:08
No Penalty
Goalie Stats
Vitek Vanecek (DET), 25 saves from 27 shots - (0,926), W, 22-17-4, 60:09 minutes
Elvis Merzlikins (ARI), 28 saves from 31 shots - (0,903), OTL, 5-6-3, 60:09 minutes
3 StarsOfficial
1 - Jakob Chychrun (DET)
2 - Sean Couturier (DET)
3 - Darnell Nurse (DET)
Referees : Tom Kowal and Mike Hasenfratz
Linesman : Brad Kovachik and Vaughan Rody
Game Note
No Game Note



Team Name Goals Shots Shots Attemp Shots Blocked PIM HIT PP PK FO%
Red Wings 33156128210 / 1 (0%)048%
Coyotes 2275492210 / 4 (0%)052%

Red Wings
Player Name POS G A P +/- PIM HIT SHT SB MP PP MP PP SHT PK MP PK SHT FO% FOT
Conor GarlandLW/RW0000205017:070:4410:0000% 0
Danny DeKeyserD0000001217:360:0004:1500% 0
Darnell NurseD0113012524:580:4424:3000% 0
Derick BrassardC/RW0000051017:391:1500:00057% 23
Dominik KahunC/LW/RW000-100106:000:0000:00040% 5
Drake CaggiulaC/LW/RW000-100109:480:0003:48050% 2
Gustav NyquistC/LW/RW0000005017:391:1500:00050% 2
Jack JohnsonD000-2241119:410:0002:3300% 0
Jakob ChychrunD1122021123:040:4402:4500% 0
Jakub VranaLW/RW0110001016:360:4400:0000% 1
Miles WoodLW1010023021:570:0004:0800% 0
Nino NiederreiterLW/RW0001012011:490:0000:0000% 1
Oliver Ekman-LarssonD000-2412220:051:1521:4300% 0
Oskar SundqvistC/LW/RW0111002015:370:0003:48046% 26
Sean CouturierC1121001020:530:4404:08046% 26
Sean WalkerD0000010114:421:1500:0600% 0
Tyler BertuzziLW/RW0001042017:161:1510:0000% 0
Tyler EnnisC/LW/RW000000000:000:0000:0000% 0
Coyotes
Player Name POS G A P +/- PIM HIT SHT SB MP PP MP PP SHT PK MP PK SHT FO% FOT
Alex FormentonLW011-1031020:513:2710:0000% 2
Andrej SekeraD1010012224:144:1310:4900% 0
Andy GreeneD0000020118:110:0000:4900% 0
Boone JennerC/LW0000022112:230:0001:10059% 17
Chris WagnerC/LW/RW000000005:400:0000:0000% 0
Frank VatranoC/LW/RW0000000011:130:0000:0000% 0
Ilya MikheyevRW0000001018:250:0001:1000% 0
Jay BouwmeesterD1010011013:310:0000:0000% 0
Jesper BrattLW/RW011-1005020:354:2920:000100% 2
Kiefer SherwoodC/LW/RW000000105:400:0000:0000% 1
Michael StoneD0000000017:444:1300:0000% 0
Miro HeiskanenD011-1021124:143:4311:1000% 0
Nick PaulC/LW000001006:290:0000:49057% 7
Pavel ZachaC/LW0110211020:254:2900:00058% 26
Robert ThomasC/RW0000004015:293:2700:49075% 4
Sean MonahanC0000043020:423:2700:00041% 27
Travis SanheimD0000030422:153:4301:1000% 0
Yegor SharangovichC/LW/RW0000015020:264:2900:0000% 0

Red Wings

5 vs 5 Forward
Line #Left WingCenterRight WingPHYDFOFWanted %Time %Time Play
1Jakub VranaSean CouturierTyler Bertuzzi1223032%15:52
2Gustav NyquistDerick BrassardConor Garland1223033%16:24
3Nino NiederreiterOskar SundqvistMiles Wood1222424%11:49
4Miles WoodDominik KahunDrake Caggiula1221612%6:00
5 vs 5 Defense
Line #DefenseDefensePHYDFOFWanted %Time %Time Play
1Darnell NurseJakob Chychrun1223028%13:58
2Oliver Ekman-LarssonJack Johnson1223034%17:09
3Sean WalkerDanny DeKeyser1222427%13:21
4Darnell NurseJakob Chychrun1221611%5:37
Power Play Forward
Line #Left WingCenterRight WingPHYDFOFWanted %Time %Time Play
1Conor GarlandSean CouturierJakub Vrana1225037%0:44
2Tyler BertuzziDerick BrassardGustav Nyquist1225063%1:15
Power Play Defense
Line #DefenseDefensePHYDFOFWanted %Time %Time Play
1Darnell NurseJakob Chychrun1225037%0:44
2Oliver Ekman-LarssonSean Walker1225063%1:15
Penalty Kill 4 Players Forward
Line #CenterWingPHYDFOFWanted %Time %Time Play
1Sean CouturierMiles Wood1225052%4:08
2Oskar SundqvistDrake Caggiula1225048%3:48
Penalty Kill 4 Players Defense
Line #DefenseDefensePHYDFOFWanted %Time %Time Play
1Darnell NurseJack Johnson1225047%3:45
2Oliver Ekman-LarssonDanny DeKeyser1225053%4:11
Penalty Kill 3 Players
Line #WingPHYDFOFWanted %Time %Time PlayDefenseDefensePHYDFOFWanted %Time %Time Play
1Sean Couturier122500%0:00 Darnell NurseJack Johnson122500%0:00
2Oskar Sundqvist122500%0:00 Oliver Ekman-LarssonDanny DeKeyser122500%0:00
4 vs 4 Forward
Line #CenterWingPHYDFOFWanted %Time %Time Play
1Sean CouturierJakub Vrana122500%0:00
2Tyler BertuzziConor Garland122500%0:00
4 vs 4 Defense
Line #DefensePHYDFOFWanted %Time %Time Play
1Darnell NurseOliver Ekman-Larsson122500%0:00
2Jakob ChychrunSean Walker122500%0:00
Last Minutes Offensive
Left WingCenterRight WingDefenseDefense
Jakub VranaSean CouturierConor GarlandDarnell NurseJakob Chychrun
Last Minutes Defensive
Left WingCenterRight WingDefenseDefense
Miles WoodSean CouturierOskar SundqvistDarnell NurseJack Johnson
Time
Total ForwardTotal DefenseLast Minutes OffensiveLast Minutes Defensive
60:00 60:00 0:000:00
Extra Forwards
Normal PowerPlayPenalty Kill
Sean Couturier, Conor Garland, Tyler BertuzziNino Niederreiter, Derick BrassardDerick Brassard
Extra Defensemen
Normal PowerPlayPenalty Kill
Darnell Nurse, Oliver Ekman-Larsson, Jakob ChychrunOliver Ekman-Larsson, Jakob ChychrunDarnell Nurse
Penalty Shots
Sean Couturier, Tyler Bertuzzi, Conor Garland, Nino Niederreiter, Miles Wood
Goalie
Vitek Vanecek, Calvin Petersen
Custom OT Lines Forwards
Sean Couturier, Tyler Bertuzzi, Jakub Vrana, Conor Garland, Gustav Nyquist, Nino Niederreiter, Tyler Ennis, Miles Wood, Derick Brassard, Oskar Sundqvist
Custom OT Lines Defensemen
Darnell Nurse, Jakob Chychrun, Oliver Ekman-Larsson, Sean Walker, Danny DeKeyser
Scratches
Dylan Sikura (Healthy), Slater Koekkoek (Healthy), Mason Marchment (Healthy)

Coyotes

5 vs 5 Forward
Line #Left WingCenterRight WingPHYDFOFWanted %Time %Time Play
1Jesper BrattPavel ZachaYegor Sharangovich1223732%15:57
2Alex FormentonSean MonahanIlya Mikheyev1223434%17:15
3Frank VatranoBoone JennerRobert Thomas1222422%11:13
4Kiefer SherwoodNick PaulChris Wagner122511%5:40
5 vs 5 Defense
Line #DefenseDefensePHYDFOFWanted %Time %Time Play
1Miro HeiskanenAndrej Sekera1223634%17:12
2Travis SanheimAndy Greene1313035%17:22
3Michael StoneJay Bouwmeester1312427%13:31
4Miro HeiskanenAndrej Sekera122104%2:00
Power Play Forward
Line #Left WingCenterRight WingPHYDFOFWanted %Time %Time Play
1Jesper BrattPavel ZachaYegor Sharangovich1045057%4:29
2Alex FormentonSean MonahanRobert Thomas1225043%3:27
Power Play Defense
Line #DefenseDefensePHYDFOFWanted %Time %Time Play
1Miro HeiskanenTravis Sanheim1225047%3:43
2Andrej SekeraMichael Stone1225053%4:13
Penalty Kill 4 Players Forward
Line #CenterWingPHYDFOFWanted %Time %Time Play
1Boone JennerIlya Mikheyev1225059%1:10
2Pavel ZachaNick Paul1225041%0:49
Penalty Kill 4 Players Defense
Line #DefenseDefensePHYDFOFWanted %Time %Time Play
1Andy GreeneAndrej Sekera1225041%0:49
2Miro HeiskanenTravis Sanheim1225059%1:10
Penalty Kill 3 Players
Line #WingPHYDFOFWanted %Time %Time PlayDefenseDefensePHYDFOFWanted %Time %Time Play
1Boone Jenner122500%0:00 Andy GreeneAndrej Sekera122500%0:00
2Nick Paul122500%0:00 Miro HeiskanenTravis Sanheim122500%0:00
4 vs 4 Forward
Line #CenterWingPHYDFOFWanted %Time %Time Play
1Boone JennerJesper Bratt122500%0:00
2Sean MonahanPavel Zacha122500%0:00
4 vs 4 Defense
Line #DefensePHYDFOFWanted %Time %Time Play
1Miro HeiskanenAndrej Sekera122500%0:00
2Travis SanheimAndy Greene122500%0:00
Last Minutes Offensive
Left WingCenterRight WingDefenseDefense
Yegor SharangovichPavel ZachaJesper BrattMiro HeiskanenTravis Sanheim
Last Minutes Defensive
Left WingCenterRight WingDefenseDefense
Boone JennerPavel ZachaIlya MikheyevAndy GreeneAndrej Sekera
Time
Total ForwardTotal DefenseLast Minutes OffensiveLast Minutes Defensive
60:00 60:00 0:000:00
Extra Forwards
Normal PowerPlayPenalty Kill
Jesper Bratt, Boone Jenner, Nick PaulJesper Bratt, Boone JennerNick Paul
Extra Defensemen
Normal PowerPlayPenalty Kill
Travis Sanheim, Jay Bouwmeester, Miro HeiskanenTravis Sanheim, Miro HeiskanenJay Bouwmeester
Penalty Shots
Jesper Bratt, Sean Monahan, Yegor Sharangovich, Pavel Zacha, Robert Thomas
Goalie
Elvis Merzlikins, Mike Smith
Custom OT Lines Forwards
Alex Formenton, Jesper Bratt, Sean Monahan, Pavel Zacha, Yegor Sharangovich, Boone Jenner, Ilya Mikheyev, Frank Vatrano, Nick Paul, Robert Thomas
Custom OT Lines Defensemen
Miro Heiskanen, Andrej Sekera, Andy Greene, Travis Sanheim, Robert Thomas
Scratches
Michal Kempny (Healthy), Ryan Johansen (Sprained Right Knee Injury), Charlie Lindgren (Healthy)


Play-by-Play

1st period


0:01 of 1st period - Sean Couturier wins face-off versus Pavel Zacha in neutral zone.
0:27 of 1st period - Minor Penalty to Pavel Zacha for Tripping.
0:28 of 1st period - Boone Jenner wins face-off versus Derick Brassard in Coyotes zone.
0:43 of 1st period - Ilya Mikheyev is hit by Derick Brassard and loses puck.
0:52 of 1st period - Shot by Tyler Bertuzzi.
0:52 of 1st period - Stopped by Elvis Merzlikins without a rebound.
0:53 of 1st period - Robert Thomas wins face-off versus Sean Couturier in Coyotes zone.
1:26 of 1st period - Shot by Conor Garland.
1:26 of 1st period - Stopped by Elvis Merzlikins with a rebound.
1:28 of 1st period - Shot by Conor Garland.
1:28 of 1st period - Shot Misses the Net.
1:30 of 1st period - Shot by Darnell Nurse.
1:30 of 1st period - Stopped by Elvis Merzlikins with a rebound.
1:32 of 1st period - Shot by Jakob Chychrun.
1:32 of 1st period - Shot Misses the Net.
1:34 of 1st period - Shot by Sean Couturier.
1:34 of 1st period - Shot Blocked by Miro Heiskanen.
1:36 of 1st period - Shot by Darnell Nurse.
1:36 of 1st period - Stopped by Elvis Merzlikins without a rebound.
1:37 of 1st period - Robert Thomas wins face-off versus Derick Brassard in Coyotes zone.
1:48 of 1st period - Shot by Oliver Ekman-Larsson.
1:48 of 1st period - Stopped by Elvis Merzlikins with a rebound.
1:50 of 1st period - Shot by Gustav Nyquist.
1:50 of 1st period - Shot Blocked by Andrej Sekera.
1:52 of 1st period - Shot by Oliver Ekman-Larsson.
1:52 of 1st period - Stopped by Elvis Merzlikins without a rebound.
1:53 of 1st period - Boone Jenner wins face-off versus Derick Brassard in Coyotes zone.
2:24 of 1st period - Icing by Sean Walker.
2:25 of 1st period - Derick Brassard wins face-off versus Robert Thomas in Red Wings zone.
2:40 of 1st period - Icing by Jay Bouwmeester.
2:41 of 1st period - Pavel Zacha wins face-off versus Dominik Kahun in Coyotes zone.
2:58 of 1st period - Shot by Jesper Bratt.
2:58 of 1st period - Stopped by Vitek Vanecek without a rebound.
2:59 of 1st period - Derick Brassard wins face-off versus Sean Monahan in Red Wings zone.
3:12 of 1st period - Sean Walker is hit by Alex Formenton.
3:16 of 1st period - Shot by Gustav Nyquist.
3:16 of 1st period - Stopped by Elvis Merzlikins with a rebound.
3:20 of 1st period - Shot by Conor Garland.
3:20 of 1st period - Shot Blocked by Travis Sanheim.
3:22 of 1st period - Shot by Conor Garland.
3:22 of 1st period - Deflect By Gustav Nyquist.
3:22 of 1st period - Stopped by Elvis Merzlikins without a rebound.
3:23 of 1st period - Boone Jenner wins face-off versus Oskar Sundqvist in Coyotes zone.
3:32 of 1st period - Shot by Robert Thomas.
3:32 of 1st period - Stopped by Vitek Vanecek without a rebound.
3:33 of 1st period - Sean Monahan wins face-off versus Sean Couturier in Red Wings zone.
3:59 of 1st period - Shot by Sean Monahan.
3:59 of 1st period - Shot Blocked by Jakob Chychrun.
4:01 of 1st period - Shot by Alex Formenton.
4:01 of 1st period - Shot Misses the Net.
4:03 of 1st period - Shot by Ilya Mikheyev.
4:03 of 1st period - Stopped by Vitek Vanecek without a rebound.
4:04 of 1st period - Boone Jenner wins face-off versus Gustav Nyquist in Red Wings zone.
5:22 of 1st period - Shot by Yegor Sharangovich.
5:22 of 1st period - Stopped by Vitek Vanecek without a rebound.
5:23 of 1st period - Sean Couturier wins face-off versus Sean Monahan in Red Wings zone.
5:23 of 1st period - Sean Couturier is hit by Sean Monahan.
5:51 of 1st period - Icing by Andy Greene.
5:52 of 1st period - Sean Monahan wins face-off versus Nino Niederreiter in Coyotes zone.
5:52 of 1st period - Sean Monahan is hit by Nino Niederreiter.
6:05 of 1st period - Sean Walker is hit by Andy Greene and loses puck.
6:34 of 1st period - Shot by Nino Niederreiter.
6:34 of 1st period - Stopped by Elvis Merzlikins without a rebound.
6:35 of 1st period - Gustav Nyquist wins face-off versus Pavel Zacha in Coyotes zone.
6:36 of 1st period - Shot by Conor Garland.
6:36 of 1st period - Stopped by Elvis Merzlikins without a rebound.
6:37 of 1st period - Derick Brassard wins face-off versus Pavel Zacha in Coyotes zone.
7:03 of 1st period - Shot by Conor Garland.
7:03 of 1st period - Shot Misses the Net.
7:05 of 1st period - Shot by Derick Brassard.
7:05 of 1st period - Shot Misses the Net.
7:07 of 1st period - Shot by Darnell Nurse.
7:07 of 1st period - Shot Misses the Net.
7:11 of 1st period - Shot by Conor Garland.
7:11 of 1st period - Stopped by Elvis Merzlikins without a rebound.
7:12 of 1st period - Boone Jenner wins face-off versus Dominik Kahun in Coyotes zone.
7:12 of 1st period - Boone Jenner is hit by Miles Wood.
7:20 of 1st period - Shot by Robert Thomas.
7:20 of 1st period - Stopped by Vitek Vanecek without a rebound.
7:21 of 1st period - Sean Couturier wins face-off versus Boone Jenner in Red Wings zone.
7:21 of 1st period - Jakub Vrana is hit by Boone Jenner and loses puck.
7:39 of 1st period - Robert Thomas is hit by Jack Johnson and loses puck.
9:54 of 1st period - Andrej Sekera is hit by Sean Walker and loses puck.
10:11 of 1st period - Miro Heiskanen is hit by Derick Brassard and loses puck.
10:23 of 1st period - Icing by Andrej Sekera.
10:24 of 1st period - Jesper Bratt wins face-off versus Sean Couturier in Coyotes zone.
10:58 of 1st period - Sean Couturier is hit by Travis Sanheim and loses puck.
11:32 of 1st period - Jakob Chychrun is hit by Nick Paul.
11:42 of 1st period - Shot by Kiefer Sherwood.
11:42 of 1st period - Stopped by Vitek Vanecek without a rebound.
11:43 of 1st period - Nick Paul wins face-off versus Derick Brassard in Red Wings zone.
12:13 of 1st period - Icing by Travis Sanheim.
12:14 of 1st period - Sean Couturier wins face-off versus Nick Paul in Coyotes zone.
12:15 of 1st period - Shot by Tyler Bertuzzi.
12:15 of 1st period - Shot Blocked by Travis Sanheim.
12:43 of 1st period - Shot by Pavel Zacha.
12:43 of 1st period - Shot Misses the Net.
12:45 of 1st period - Shot by Jay Bouwmeester.
12:45 of 1st period - Goal by Jay Bouwmeester - Red Wings : 0 - Coyotes : 1.
12:46 of 1st period - Oskar Sundqvist wins face-off versus Sean Monahan in neutral zone.
12:55 of 1st period - Shot by Miles Wood.
12:55 of 1st period - Shot Misses the Net.
12:57 of 1st period - Shot by Miles Wood.
12:57 of 1st period - Goal by Miles Wood - Red Wings : 1 - Coyotes : 1.
12:58 of 1st period - Derick Brassard wins face-off versus Pavel Zacha in neutral zone.
13:12 of 1st period - Icing by Miro Heiskanen.
13:13 of 1st period - Pavel Zacha wins face-off versus Oskar Sundqvist in Coyotes zone.
13:23 of 1st period - Off-side.
13:24 of 1st period - Sean Monahan wins face-off versus Derick Brassard in neutral zone.
13:27 of 1st period - Darnell Nurse is hit by Alex Formenton and loses puck.
13:42 of 1st period - Shot by Sean Monahan.
13:42 of 1st period - Stopped by Vitek Vanecek without a rebound.
13:43 of 1st period - Pavel Zacha wins face-off versus Oskar Sundqvist in Red Wings zone.
13:48 of 1st period - Shot by Yegor Sharangovich.
13:48 of 1st period - Stopped by Vitek Vanecek with a rebound.
13:56 of 1st period - Shot by Nino Niederreiter.
13:56 of 1st period - Shot Misses the Net.
15:03 of 1st period - Icing by Darnell Nurse.
15:04 of 1st period - Sean Couturier wins face-off versus Boone Jenner in Red Wings zone.
16:23 of 1st period - Shot by Sean Monahan.
16:23 of 1st period - Shot Misses the Net.
16:29 of 1st period - Shot by Ilya Mikheyev.
16:29 of 1st period - Shot Misses the Net.
16:44 of 1st period - Sean Monahan is hit by Jack Johnson and loses puck.
17:09 of 1st period - Shot by Yegor Sharangovich.
17:09 of 1st period - Stopped by Vitek Vanecek without a rebound.
17:10 of 1st period - Nick Paul wins face-off versus Oskar Sundqvist in Red Wings zone.
17:59 of 1st period - Sean Walker is hit by Jay Bouwmeester and loses puck.
18:42 of 1st period - Shot by Jakob Chychrun.
18:42 of 1st period - Goal by Jakob Chychrun - Red Wings : 2 - Coyotes : 1.
18:43 of 1st period - Derick Brassard wins face-off versus Sean Monahan in neutral zone.
19:00 of 1st period - Shot by Alex Formenton.
19:00 of 1st period - Shot Blocked by Oliver Ekman-Larsson.
19:48 of 1st period - Icing by Miro Heiskanen.
19:49 of 1st period - Sean Monahan wins face-off versus Sean Couturier in Coyotes zone.
19:49 of 1st period - Sean Monahan is hit by Tyler Bertuzzi.
Goals for this period are 2 for Red Wings vs 1 for Coyotes.
Shots for this period are 13 for Red Wings vs 10 for Coyotes.

2nd period


0:01 of 2nd period - Pavel Zacha wins face-off versus Drake Caggiula in neutral zone.
0:08 of 2nd period - Shot by Jesper Bratt.
0:08 of 2nd period - Stopped by Vitek Vanecek with a rebound.
0:52 of 2nd period - Darnell Nurse is hit by Yegor Sharangovich and loses puck.
1:34 of 2nd period - Off-side.
1:35 of 2nd period - Boone Jenner wins face-off versus Sean Couturier in neutral zone.
1:52 of 2nd period - Shot by Sean Couturier.
1:52 of 2nd period - Deflect By Tyler Bertuzzi.
1:52 of 2nd period - Stopped by Elvis Merzlikins with a rebound.
1:54 of 2nd period - Shot by Jack Johnson.
1:54 of 2nd period - Stopped by Elvis Merzlikins without a rebound.
1:55 of 2nd period - Derick Brassard wins face-off versus Nick Paul in Coyotes zone.
2:01 of 2nd period - Icing by Andy Greene.
2:02 of 2nd period - Derick Brassard wins face-off versus Nick Paul in Coyotes zone.
2:08 of 2nd period - Minor Penalty to Oliver Ekman-Larsson for Holding.
2:09 of 2nd period - Pavel Zacha wins face-off versus Sean Couturier in Red Wings zone.
2:10 of 2nd period - Shot by Jesper Bratt.
2:10 of 2nd period - Shot Blocked by Danny DeKeyser.
2:12 of 2nd period - Shot by Yegor Sharangovich.
2:12 of 2nd period - Shot Blocked by Sean Walker.
2:14 of 2nd period - Shot by Andrej Sekera.
2:14 of 2nd period - Stopped by Vitek Vanecek without a rebound.
2:15 of 2nd period - Drake Caggiula wins face-off versus Alex Formenton in Red Wings zone.
2:38 of 2nd period - Shot by Miro Heiskanen.
2:38 of 2nd period - Shot Misses the Net.
2:45 of 2nd period - Icing by Miro Heiskanen.
2:46 of 2nd period - Sean Monahan wins face-off versus Oskar Sundqvist in Coyotes zone.
3:36 of 2nd period - Shot by Yegor Sharangovich.
3:36 of 2nd period - Shot Misses the Net.
4:15 of 2nd period - Shot by Conor Garland.
4:15 of 2nd period - Stopped by Elvis Merzlikins without a rebound.
4:16 of 2nd period - Derick Brassard wins face-off versus Kiefer Sherwood in Coyotes zone.
4:35 of 2nd period - Shot by Gustav Nyquist.
4:35 of 2nd period - Stopped by Elvis Merzlikins without a rebound.
4:36 of 2nd period - Sean Monahan wins face-off versus Sean Couturier in Coyotes zone.
4:52 of 2nd period - Shot by Jakub Vrana.
4:52 of 2nd period - Stopped by Elvis Merzlikins with a rebound.
4:55 of 2nd period - Icing by Andrej Sekera.
4:56 of 2nd period - Sean Monahan wins face-off versus Derick Brassard in Coyotes zone.
5:28 of 2nd period - Icing by Andrej Sekera.
5:29 of 2nd period - Oskar Sundqvist wins face-off versus Sean Monahan in Coyotes zone.
7:03 of 2nd period - Shot by Boone Jenner.
7:03 of 2nd period - Stopped by Vitek Vanecek with a rebound.
7:41 of 2nd period - Shot by Miro Heiskanen.
7:41 of 2nd period - Shot Misses the Net.
8:48 of 2nd period - Icing by Travis Sanheim.
8:49 of 2nd period - Oskar Sundqvist wins face-off versus Sean Monahan in Coyotes zone.
8:49 of 2nd period - Nino Niederreiter is hit by Travis Sanheim and loses puck.
9:04 of 2nd period - Shot by Nino Niederreiter.
9:04 of 2nd period - Shot Misses the Net.
9:06 of 2nd period - Shot by Nino Niederreiter.
9:06 of 2nd period - Shot Misses the Net.
9:22 of 2nd period - Shot by Miles Wood.
9:22 of 2nd period - Stopped by Elvis Merzlikins with a rebound.
9:27 of 2nd period - Oskar Sundqvist is hit by Travis Sanheim.
9:54 of 2nd period - Jakob Chychrun is hit by Andy Greene and loses puck.
10:05 of 2nd period - Shot by Gustav Nyquist.
10:05 of 2nd period - Shot Misses the Net.
10:44 of 2nd period - Shot by Pavel Zacha.
10:44 of 2nd period - Shot Misses the Net.
10:56 of 2nd period - Shot by Jesper Bratt.
10:56 of 2nd period - Deflect By Yegor Sharangovich.
10:56 of 2nd period - Stopped by Vitek Vanecek without a rebound.
10:57 of 2nd period - Boone Jenner wins face-off versus Sean Couturier in Red Wings zone.
11:00 of 2nd period - Shot by Robert Thomas.
11:00 of 2nd period - Stopped by Vitek Vanecek with a rebound.
11:04 of 2nd period - Shot by Boone Jenner.
11:04 of 2nd period - Stopped by Vitek Vanecek without a rebound.
11:05 of 2nd period - Sean Couturier wins face-off versus Pavel Zacha in Red Wings zone.
11:05 of 2nd period - Sean Couturier is hit by Pavel Zacha.
11:11 of 2nd period - Shot by Jakub Vrana.
11:11 of 2nd period - Shot Hit the Post.
11:20 of 2nd period - Off-side.
11:21 of 2nd period - Derick Brassard wins face-off versus Boone Jenner in neutral zone.
11:32 of 2nd period - Shot by Darnell Nurse.
11:32 of 2nd period - Shot Blocked by Boone Jenner.
11:46 of 2nd period - Minor Penalty to Conor Garland for High sticking.
11:47 of 2nd period - Pavel Zacha wins face-off versus Oskar Sundqvist in Red Wings zone.
12:03 of 2nd period - Icing by Michael Stone.
12:04 of 2nd period - Sean Couturier wins face-off versus Pavel Zacha in Coyotes zone.
12:35 of 2nd period - Shot by Andrej Sekera.
12:35 of 2nd period - Shot Misses the Net.
12:53 of 2nd period - Shot by Miro Heiskanen.
12:53 of 2nd period - Stopped by Vitek Vanecek without a rebound.
12:54 of 2nd period - Oskar Sundqvist wins face-off versus Pavel Zacha in Red Wings zone.
12:59 of 2nd period - Shot by Yegor Sharangovich.
12:59 of 2nd period - Shot Blocked by Danny DeKeyser.
13:34 of 2nd period - Icing by Sean Monahan.
13:35 of 2nd period - Oskar Sundqvist wins face-off versus Sean Monahan in Coyotes zone.
14:06 of 2nd period - Off-side.
14:07 of 2nd period - Sean Couturier wins face-off versus Boone Jenner in neutral zone.
14:32 of 2nd period - Shot by Robert Thomas.
14:32 of 2nd period - Stopped by Vitek Vanecek without a rebound.
14:33 of 2nd period - Oskar Sundqvist wins face-off versus Sean Monahan in Red Wings zone.
14:42 of 2nd period - Shot by Sean Monahan.
14:42 of 2nd period - Stopped by Vitek Vanecek without a rebound.
14:43 of 2nd period - Pavel Zacha wins face-off versus Derick Brassard in Red Wings zone.
15:20 of 2nd period - Shot by Gustav Nyquist.
15:20 of 2nd period - Stopped by Elvis Merzlikins without a rebound.
15:21 of 2nd period - Boone Jenner wins face-off versus Oskar Sundqvist in Coyotes zone.
15:54 of 2nd period - Icing by Oskar Sundqvist.
15:55 of 2nd period - Sean Monahan wins face-off versus Oskar Sundqvist in Red Wings zone.
16:01 of 2nd period - Off-side.
16:02 of 2nd period - Pavel Zacha wins face-off versus Sean Couturier in neutral zone.
16:32 of 2nd period - Off-side.
16:33 of 2nd period - Oskar Sundqvist wins face-off versus Boone Jenner in neutral zone.
16:36 of 2nd period - Andrej Sekera is hit by Miles Wood and loses puck.
16:44 of 2nd period - Off-side.
16:45 of 2nd period - Sean Monahan wins face-off versus Derick Brassard in neutral zone.
17:00 of 2nd period - Shot by Gustav Nyquist.
17:00 of 2nd period - Stopped by Elvis Merzlikins without a rebound.
17:01 of 2nd period - Oskar Sundqvist wins face-off versus Pavel Zacha in Coyotes zone.
17:05 of 2nd period - Icing by Andrej Sekera.
17:06 of 2nd period - Pavel Zacha wins face-off versus Oskar Sundqvist in Coyotes zone.
17:17 of 2nd period - Shot by Jesper Bratt.
17:17 of 2nd period - Deflect By Yegor Sharangovich.
17:17 of 2nd period - Stopped by Vitek Vanecek with a rebound.
17:23 of 2nd period - Shot by Nino Niederreiter.
17:23 of 2nd period - Stopped by Elvis Merzlikins with a rebound.
17:25 of 2nd period - Shot by Oskar Sundqvist.
17:25 of 2nd period - Stopped by Elvis Merzlikins without a rebound.
17:26 of 2nd period - Boone Jenner wins face-off versus Sean Couturier in Coyotes zone.
17:26 of 2nd period - Boone Jenner is hit by Tyler Bertuzzi.
17:31 of 2nd period - Frank Vatrano is hit by Oliver Ekman-Larsson.
17:58 of 2nd period - Frank Vatrano is hit by Jack Johnson and loses puck.
18:10 of 2nd period - Icing by Oliver Ekman-Larsson.
18:11 of 2nd period - Pavel Zacha wins face-off versus Sean Couturier in Red Wings zone.
18:36 of 2nd period - Shot by Dominik Kahun.
18:36 of 2nd period - Shot Misses the Net.
18:46 of 2nd period - Shot by Drake Caggiula.
18:46 of 2nd period - Stopped by Elvis Merzlikins without a rebound.
18:47 of 2nd period - Derick Brassard wins face-off versus Sean Monahan in Coyotes zone.
18:56 of 2nd period - Danny DeKeyser is hit by Sean Monahan and loses puck.
19:15 of 2nd period - Ilya Mikheyev is hit by Derick Brassard and loses puck.
19:53 of 2nd period - Shot by Miles Wood.
19:53 of 2nd period - Shot Misses the Net.
19:55 of 2nd period - Shot by Oskar Sundqvist.
19:55 of 2nd period - Stopped by Elvis Merzlikins without a rebound.
19:56 of 2nd period - Pavel Zacha wins face-off versus Sean Couturier in Coyotes zone.
Goals for this period are 0 for Red Wings vs 0 for Coyotes.
Shots for this period are 12 for Red Wings vs 10 for Coyotes.

3rd period


0:01 of 3rd period - Pavel Zacha wins face-off versus Oskar Sundqvist in neutral zone.
0:20 of 3rd period - Shot by Miro Heiskanen.
0:20 of 3rd period - Shot Blocked by Darnell Nurse.
0:38 of 3rd period - Shot by Jesper Bratt.
0:38 of 3rd period - Stopped by Vitek Vanecek without a rebound.
0:39 of 3rd period - Sean Couturier wins face-off versus Boone Jenner in Red Wings zone.
0:47 of 3rd period - Off-side.
0:48 of 3rd period - Sean Couturier wins face-off versus Sean Monahan in neutral zone.
0:51 of 3rd period - Ilya Mikheyev is hit by Tyler Bertuzzi and loses puck.
1:06 of 3rd period - Shot by Ilya Mikheyev.
1:06 of 3rd period - Shot Misses the Net.
1:08 of 3rd period - Shot by Sean Monahan.
1:08 of 3rd period - Shot Blocked by Oliver Ekman-Larsson.
1:27 of 3rd period - Shot by Sean Monahan.
1:27 of 3rd period - Stopped by Vitek Vanecek with a rebound.
1:40 of 3rd period - Icing by Oliver Ekman-Larsson.
1:41 of 3rd period - Pavel Zacha wins face-off versus Sean Couturier in Red Wings zone.
2:05 of 3rd period - Jesper Bratt is hit by Jakob Chychrun and loses puck.
2:20 of 3rd period - Shot by Dominik Kahun.
2:20 of 3rd period - Stopped by Elvis Merzlikins without a rebound.
2:21 of 3rd period - Derick Brassard wins face-off versus Boone Jenner in Coyotes zone.
4:08 of 3rd period - Icing by Darnell Nurse.
4:09 of 3rd period - Oskar Sundqvist wins face-off versus Sean Monahan in Red Wings zone.
4:40 of 3rd period - Sean Couturier is hit by Alex Formenton and loses puck.
5:28 of 3rd period - Off-side.
5:29 of 3rd period - Dominik Kahun wins face-off versus Pavel Zacha in neutral zone.
5:35 of 3rd period - Drake Caggiula is hit by Miro Heiskanen and loses puck.
5:43 of 3rd period - Miles Wood is hit by Miro Heiskanen and loses puck.
5:48 of 3rd period - Shot by Drake Caggiula.
5:48 of 3rd period - Shot Misses the Net.
5:50 of 3rd period - Shot by Miles Wood.
5:50 of 3rd period - Shot Blocked by Andrej Sekera.
5:52 of 3rd period - Shot by Drake Caggiula.
5:52 of 3rd period - Deflect By Dominik Kahun.
5:52 of 3rd period - Shot Misses the Net.
5:54 of 3rd period - Shot by Miles Wood.
5:54 of 3rd period - Stopped by Elvis Merzlikins without a rebound.
5:55 of 3rd period - Robert Thomas wins face-off versus Derick Brassard in Coyotes zone.
5:55 of 3rd period - Andy Greene is hit by Derick Brassard and loses puck.
6:09 of 3rd period - Andy Greene is hit by Derick Brassard and loses puck.
6:28 of 3rd period - Shot by Conor Garland.
6:28 of 3rd period - Stopped by Elvis Merzlikins with a rebound.
6:30 of 3rd period - Shot by Derick Brassard.
6:30 of 3rd period - Shot Blocked by Andy Greene.
6:32 of 3rd period - Shot by Danny DeKeyser.
6:32 of 3rd period - Stopped by Elvis Merzlikins without a rebound.
6:33 of 3rd period - Jesper Bratt wins face-off versus Jakub Vrana in Coyotes zone.
7:07 of 3rd period - Shot by Pavel Zacha.
7:07 of 3rd period - Shot Blocked by Darnell Nurse.
7:28 of 3rd period - Icing by Michael Stone.
7:29 of 3rd period - Nick Paul wins face-off versus Dominik Kahun in Coyotes zone.
7:37 of 3rd period - Off-side.
7:38 of 3rd period - Oskar Sundqvist wins face-off versus Sean Monahan in neutral zone.
8:21 of 3rd period - Minor Penalty to Oliver Ekman-Larsson for Hooking.
8:22 of 3rd period - Oskar Sundqvist wins face-off versus Pavel Zacha in Red Wings zone.
8:31 of 3rd period - Shot by Andrej Sekera.
8:31 of 3rd period - Shot Misses the Net.
8:33 of 3rd period - Shot by Andrej Sekera.
8:33 of 3rd period - Shot Blocked by Darnell Nurse.
8:35 of 3rd period - Shot by Pavel Zacha.
8:35 of 3rd period - Shot Blocked by Darnell Nurse.
8:43 of 3rd period - Shot by Jesper Bratt.
8:43 of 3rd period - Stopped by Vitek Vanecek without a rebound.
8:44 of 3rd period - Sean Monahan wins face-off versus Oskar Sundqvist in Red Wings zone.
9:08 of 3rd period - Shot by Oskar Sundqvist.
9:08 of 3rd period - Shot Blocked by Travis Sanheim.
9:10 of 3rd period - Shot by Drake Caggiula.
9:10 of 3rd period - Shot Blocked by Travis Sanheim.
10:02 of 3rd period - Shot by Jesper Bratt.
10:02 of 3rd period - Stopped by Vitek Vanecek without a rebound.
10:03 of 3rd period - Pavel Zacha wins face-off versus Oskar Sundqvist in Red Wings zone.
10:05 of 3rd period - Jesper Bratt is hit by Jack Johnson and loses puck.
11:47 of 3rd period - Shot by Boone Jenner.
11:47 of 3rd period - Shot Misses the Net.
12:16 of 3rd period - Icing by Yegor Sharangovich.
12:17 of 3rd period - Pavel Zacha wins face-off versus Derick Brassard in Coyotes zone.
13:00 of 3rd period - Shot by Conor Garland.
13:00 of 3rd period - Deflect By Derick Brassard.
13:00 of 3rd period - Stopped by Elvis Merzlikins without a rebound.
13:01 of 3rd period - Dominik Kahun wins face-off versus Sean Monahan in Coyotes zone.
13:15 of 3rd period - Drake Caggiula is hit by Andrej Sekera and loses puck.
13:24 of 3rd period - Shot by Alex Formenton.
13:24 of 3rd period - Shot Blocked by Jack Johnson.
13:26 of 3rd period - Shot by Andrej Sekera.
13:26 of 3rd period - Goal by Andrej Sekera - Red Wings : 2 - Coyotes : 2.
13:27 of 3rd period - Boone Jenner wins face-off versus Oskar Sundqvist in neutral zone.
13:36 of 3rd period - Off-side.
13:37 of 3rd period - Nick Paul wins face-off versus Sean Couturier in neutral zone.
13:37 of 3rd period - Nick Paul is hit by Tyler Bertuzzi.
13:40 of 3rd period - Minor Penalty to Jack Johnson for Slashing.
13:41 of 3rd period - Oskar Sundqvist wins face-off versus Sean Monahan in Red Wings zone.
13:41 of 3rd period - Oskar Sundqvist is hit by Sean Monahan.
13:59 of 3rd period - Shot by Miro Heiskanen.
13:59 of 3rd period - Shot Misses the Net.
14:08 of 3rd period - Sean Monahan is hit by Jakob Chychrun and loses puck.
14:23 of 3rd period - Shot by Travis Sanheim.
14:23 of 3rd period - Shot Blocked by Darnell Nurse.
14:25 of 3rd period - Shot by Alex Formenton.
14:25 of 3rd period - Stopped by Vitek Vanecek without a rebound.
14:26 of 3rd period - Sean Couturier wins face-off versus Pavel Zacha in Red Wings zone.
14:48 of 3rd period - Andrej Sekera is hit by Darnell Nurse and loses puck.
15:03 of 3rd period - Shot by Jesper Bratt.
15:03 of 3rd period - Shot Misses the Net.
16:49 of 3rd period - Sean Couturier is hit by Sean Monahan.
17:21 of 3rd period - Icing by Andrej Sekera.
17:22 of 3rd period - Sean Monahan wins face-off versus Oskar Sundqvist in Coyotes zone.
18:12 of 3rd period - Shot by Jesper Bratt.
18:12 of 3rd period - Deflect By Pavel Zacha.
18:12 of 3rd period - Stopped by Vitek Vanecek with a rebound.
18:52 of 3rd period - Off-side.
18:53 of 3rd period - Derick Brassard wins face-off versus Sean Monahan in neutral zone.
18:59 of 3rd period - Icing by Andrej Sekera.
19:00 of 3rd period - Derick Brassard wins face-off versus Sean Monahan in Coyotes zone.
19:30 of 3rd period - Shot by Ilya Mikheyev.
19:30 of 3rd period - Shot Misses the Net.
19:56 of 3rd period - Gustav Nyquist is hit by Boone Jenner and loses puck.
Goals for this period are 0 for Red Wings vs 1 for Coyotes.
Shots for this period are 5 for Red Wings vs 7 for Coyotes.

Overtime #1


0:01 of 1st overtime period - Sean Couturier wins face-off versus Alex Formenton in neutral zone.
0:06 of 1st overtime period - Shot by Sean Couturier.
0:06 of 1st overtime period - Shot Misses the Net.
0:08 of 1st overtime period - Shot by Sean Couturier.
0:08 of 1st overtime period - Goal by Sean Couturier - Red Wings : 3 - Coyotes : 2.
Goals for this period are 1 for Red Wings vs 0 for Coyotes.
Shots for this period are 1 for Red Wings vs 0 for Coyotes.